Description

Looking to get a good headstart with Swann? There's nothing faster than a speed run, and this build comes from Monk performing a Fullclear Speedrun on Temple of the Past with Swann.

For more, read the full guide on Team Liquid. All credit goes to them.

Replay - Temple of the Past - Swann - monk - 100% - 1750FC

Build Order

Get SALT Encoding   

  14  0:24  Supply Depot  
  16  0:55  Factory  Build with 4 SCVs
  18  1:30  Blaster Billy  at expo (with same 4 SCVs)
  18  1:50  Blaster Billy  at expo (with same 4 SCVs)
  18  2:10  Action  When the main Rock is down to 25% HP, pull an additional 4 SCVs from your main and send them to the expansion.
  18  2:20  Action  Salvage one Blaster Billy when the expansion Rock is down. Keep one up to destroy the Gas Rocks, then Salvage after.
  21  2:30  Command Center  Build with 8 SCVs
  22  2:44  Refinery  Build with 3 SCVs, use Vespene Harvester after
  25  3:03  Refinery  Build with 3 SCVs, use Vespene Harvester after
  26  3:15  Refinery  Build with 3 SCVs, use Vespene Harvester after
  26  3:31  Refinery  Build with 3 SCVs, use Vespene Harvester after.
  26  3:45  Action  Leave only 1 SCV harvesting at each Refinery. Only assign more SCVs after your mineral line is 2/3s saturated
  30  4:00  Action  Use Combat Drop to defend against the first wave and push into the enemy
  31  4:03  Factory Tech Reactor  
  32  4:12  Supply Depot  
  37  4:34  Siege Tank x2  Continue production to 8 total
  38  4:40  Supply Depot  
  42  4:48  Maelstrom Shells  
  43  4:53  Supply Depot  
  43  5:00  Action  Saturate gas
  46  5:25  Supply Depot  
  56  5:53  Starport  
  65  6:26  Supply Depot  
  74  7:05  Starport Tech Reactor  
  74  7:10  Supply Depot x2  
  77  7:36  Hercules  
  80  7:45  Action  From here, you can choose to produce another 8 Siege Tanks and a Hercules, or you can switch to Goliaths
  93  8:37  Engineering Bay, Supply Depot, Armory  Build Armory with 4 SCVs
  101  9:12  Upgrade Laser Drill  
Spawning Tool Build Advisor. Get it on Overwolf

Go to:

Details

  • Created by: StoicLoofah
  • Published on: Mar 01, 2018
  • Modified on: Mar 03, 2018
  • Patch: 4.0.0
Show
View Real Time Build Order
Export as new Build Order

Comments (0)

There are no comments. Be the first!

Create an account to comment!